 Dungeon Crawl Stone Soup version 0.32-a0-921-g04a7ad8e02 (webtiles) character file.

Game seed: 16134870679076691878

53 mopl the Sneak (level 3, -4/26 HPs)
             Began as a Draconian Enchanter on Apr 11, 2024.
             Slain by an iguana (12 damage)
             ... on level 2 of the Dungeon.
             The game lasted 00:01:26 (807 turns).

mopl the Sneak (Draconian Enchanter)                 Turns: 807, Time: 00:01:26

Health: -4/26      AC:  5    Str: 16    XL:     3   Next: 64%
Magic:  0/7        EV: 11    Int: 17    God:
Gold:   30         SH:  0    Dex: 11    Spells: 5/7 levels left

rFire   . . .        a - +1 dagger
rCold   . . .        (no shield)
rNeg    . . .        (body armour unavailable)
rPois   .            (helmet restricted)
rElec   .            (no cloak)
rCorr   .            (no gloves)
SInv    .            (no boots)
Will    .....        (no amulet)
Stlth   ++           d - +6 ring of strength
HPRegen 0.24/turn    (no ring)
MPRegen 0.10/turn

%: no passive effects
@: no status effects
A: AC +5, unfitting armour, cold-blooded
a: no special abilities


You were on level 2 of the Dungeon.
You visited 1 branch of the dungeon, and saw 2 of its levels.

You collected 30 gold pieces.

Inventory:

Hand Weapons
 a - a +1 dagger (weapon)
Missiles
 j - 5 poisoned darts
 l - 5 silver javelins
Jewellery
 d - a +6 ring of strength (left hand)
Scrolls
 f - a scroll of silence {unknown}
 i - 2 scrolls of teleportation {unknown}
 m - a scroll of identify {unknown}
 n - a scroll of enchant armour {unknown}
Potions
 b - 2 potions of invisibility
 c - a potion of cancellation {unknown}
 e - a potion of lignification {unknown}
 g - a potion of magic {unknown}
 h - a potion of ambrosia {unknown}
 k - a potion of might {unknown}


   Skills:
 - Level 1.0 Short Blades
 - Level 1.7 Dodging
 + Level 3.4 Stealth
 + Level 2.6 Spellcasting
 + Level 3.2 Hexes


You had 5 spell levels left.
You knew the following spells:

 Your Spells              Type           Power      Damage    Failure   Level
b - Ensorcelled Hibernat  Hex/Ice        14%        N/A       14%         2

Your spell library contained the following spells:

 Spells                   Type           Power      Damage    Failure   Level
 Confusing Touch          Hex            13%        N/A       14%         3
 Tukima's Dance           Hex            13%        N/A       14%         3
 Dazzling Flash           Conj/Hex       14%        N/A       28%         3
 Summon Ice Beast         Ice/Summ       2%         N/A       47%         3
 Summon Mana Viper        Hex/Summ       7%         N/A       95%         5
 Monstrous Menagerie      Summ           1%         N/A       100%        7


Dungeon Overview and Level Annotations

Branches:
Dungeon (2/15)

Altars:


Innate Abilities, Weirdness & Mutations

Your plain brown scales are hard. (AC +5)
You cannot fit into any form of body armour.
You are cold-blooded and may be slowed by cold attacks.


Message History

An iguana comes into view.
Found a ring mail.
An iguana is nearby!
The iguana hisses angrily.
The iguana closely misses you.
The iguana resists with some effort.
The iguana bites you but does no damage.
The iguana resists with some effort.
The iguana barely misses you.
The iguana resists with some effort.
The iguana closely misses you.
You don't have enough magic to cast this spell.
You hit the iguana but do no damage.
Your tail-slap misses the iguana.
The iguana barely misses you.
You barely miss the iguana.
Your tail-slap misses the iguana.
The iguana bites you!
You hit the iguana but do no damage.
Your tail-slap misses the iguana.
The iguana closely misses you.
You hit the iguana.
The iguana is lightly wounded.
The iguana bites you!
* * * LOW HITPOINT WARNING * * *
You hit the iguana but do no damage.
The iguana is lightly wounded.
The iguana bites you but does no damage.
You barely miss the iguana.
Your tail-slap misses the iguana.
The iguana is lightly wounded.
The iguana bites you but does no damage.
You hit the iguana but do no damage.
The iguana is lightly wounded.
The iguana bites you but does no damage.
Casting: Ensorcelled Hibernation (safe; 14% risk of failure)
Confirm with . or Enter, or press ? or * to list all spells.
Aiming: Ensorcelled Hibernation (safe; 14% risk of failure)
Press: ? - help, Shift-Dir - straight line, f/p - iguana
Aim: an iguana (lightly wounded, chance to affect: 50%)
The iguana resists with some effort.
The iguana bites you but does no damage.
You barely miss the iguana.
The iguana is lightly wounded.
The iguana bites you!
You die...

......##..##.#.. #...###
#..##.#.# ##.# #..##.#.#
.##.# #...#.#.# ....#
#..#....# #.#.#
#...#.####. #.#.#
#....#..... #.#l#
#.#.#.##### #.#@#
#.###..†~.~. #######.#.#
#.# ##.†.~..
#.........#####[ ##.#..~~~
#............... #.##.~~≈≈
#..####.#.#######.#....~≈≈
#..# #.#.# #.#.#.~≈~≈
#..####.#.# .....~~~~~ ##
#.......... . .###~~~≈~ ..
#.####..... #..###~.~~~


You could see an iguana.

Vanquished Creatures
  Jessica (D:2)
  A dart slug (D:1)
  A ribbon worm (D:2)
  6 endoplasms
  2 giant cockroaches
  2 goblins (D:1)
  A hobgoblin (D:2)
  A quokka (D:2)
  2 bats (D:1)
  2 frilled lizards
  2 kobolds (D:1)
  A rat (D:2)
22 creatures vanquished.

Notes
Turn   | Place    | Note
-------+----------+-------------------------------------------
     0 | D:1      | mopl the Draconian Enchanter began the quest for the Orb.
     0 | D:1      | Reached XP level 1. HP: 14/14 MP: 3/3
   199 | D:1      | Reached XP level 2. HP: 20/20 MP: 5/5
   207 | D:1      | Learned a level 2 spell: Ensorcelled Hibernation
   248 | D:1      | Reached skill level 3 in Stealth
   435 | D:1      | Reached skill level 3 in Hexes
   603 | D:2      | Found a faded altar of an unknown god.
   657 | D:2      | Noticed Jessica
   671 | D:2      | Killed Jessica
   672 | D:2      | Reached XP level 3. HP: 5/26 MP: 3/6
   807 | D:2      | Slain by an iguana

Illustrated notes

Levels and vault maps discovered:
D:1:      roadster_arrival_rocket_small, layout_basic
D:2:      layout_loops_ring, chequers_ecumenical_altar_island,
          minmay_liquid_box, uniq_jessica

Skill      XL: |  1  2 |
---------------+-------+-----
Stealth        | 3 |  3.4
Hexes          | 3 |  3.2
Short Blades   | |  1.0
Dodging        | |  1.7
Spellcasting   | |  2.6

Action                     || total
---------------------------++-------
  Melee: Dagger            ||    72
         Tailslap          ||     5
   Cast: Ensorcelled Hiber ||     8
   Stab: Sleeping          ||     9
         Distracted        ||     1
 Armour: Skin              ||    43
  Dodge: Dodged            ||    29

Table legend: (Time is in decaauts)
 A = Elapsed time spent in this place.
 B = Non-inter-level travel time spent in this place.
 C = Inter-level travel time spent in this place.
 D = Time resting spent in this place.
 E = Time spent auto-exploring this place.
 F = Levels seen in this place.
 G = Mean time per level.
                   A        B        C        D        E       F      G
               +--------+--------+--------+--------+--------+-----+--------+
         Total |    807 |    792 |     15 |     26 |    591 |   2 |  403.5 |
       Dungeon |    807 |    792 |     15 |     26 |    591 |   2 |  403.5 |
               +--------+--------+--------+--------+--------+-----+--------+

Top non-repeatable levels by time:
     D:1: 584 daAuts
     D:2: 222 daAuts
